 Dungeon Crawl Stone Soup version 0.31-a0-819-gf6de2f5ab6 (webtiles) character file.

Game seed: 8238453370386965557

34 Shayle the Vexing (level 3, 0/33 HPs)
             Began as an Ogre Hexslinger on Sept 24, 2023.
             Slain by an orc priest
             ... wielding a +3 dagger
              (4 damage)
             ... on level 2 of the Dungeon.
             The game lasted 00:01:19 (960 turns).

Shayle the Vexing (Ogre Hexslinger)                  Turns: 960, Time: 00:01:19

Health: 0/33       AC:  3    Str: 12    XL:     3   Next: 31%
Magic:  5/5        EV: 10    Int: 16    God:
Gold:   39         SH:  0    Dex: 11    Spells: 4/4 levels left

rFire   . . .        a - +1 sling
rCold   + . .        (no shield)
rNeg    . . .        c - +0 robe
rPois   .            (helmet restricted)
rElec   .            (no cloak)
rCorr   .            (gloves unavailable)
SInv    .            (boots unavailable)
Will    .....        (no amulet)
Stlth   +            i - ring of protection from cold
HPRegen 0.25/turn    (no ring)
MPRegen 0.09/turn

%: no passive effects
@: no status effects
A: large, unfitting armour, tough skin 1
a: no special abilities


You were on level 2 of the Dungeon.
You visited 1 branch of the dungeon, and saw 2 of its levels.

You collected 39 gold pieces.

Inventory:

Hand Weapons
 a - a +1 sling (weapon)
Armour
 c - a +0 robe (worn)
Jewellery
 i - a ring of protection from cold (left hand)
 j - a +5 ring of evasion
 m - an amulet of the acrobat
Scrolls
 b - a scroll of poison
 d - a scroll of vulnerability {unknown}
 e - a scroll of brand weapon {unknown}
 g - 2 scrolls of identify {unknown}
 k - a scroll of teleportation {unknown}
Potions
 f - a potion of haste {unknown}
 h - a potion of cancellation
 l - a potion of curing {unknown}


   Skills:
 - Level 1.5 Fighting
 - Level 1.5 Ranged Weapons
 - Level 1.8 Dodging
 - Level 1.4 Spellcasting
 - Level 2.7 Hexes
 + Level 2.0 Necromancy
 - Level 1.0 Fire Magic


You had 4 spell levels left.
You didn't know any spells.
Your spell library contained the following spells:

 Spells                   Type           Power      Damage    Failure   Level
 Jinxbite                 Hex            20%        N/A       11%         2
 Sigil of Binding         Hex            10%        N/A       22%         3
 Inner Flame              Hex/Fire       7%         N/A       30%         3
 Summon Guardian Golem    Hex/Summ       5%         N/A       36%         3
 Cause Fear               Hex            5%         N/A       56%         4
 Dimensional Bullseye     Hex/Tloc       2%         N/A       77%         4
 Orb of Destruction       Conj           0%         9d5       100%        7
 Spellforged Servitor     Conj/Summ      0%         N/A       100%        7


Dungeon Overview and Level Annotations

Branches:
Dungeon (2/15)

Altars:


Innate Abilities, Weirdness & Mutations

You are too large for most types of armour.
You have tough skin. (AC +1)


Message History

The sling bullet closely misses the orc.
The orc hits you but does no damage.
A hobgoblin comes into view.
The orc completely misses you.
The hobgoblin moves out of view.
There are monsters nearby!
You shoot a sling bullet.
The sling bullet closely misses the orc.
The orc hits you with a +0 hand axe.
There are monsters nearby!
There are monsters nearby!
You shoot a sling bullet. The sling bullet hits the orc.
The orc is lightly wounded.
The orc hits you with a +0 hand axe. The orc priest barely misses you.
The orc barely misses you.
The frilled lizard bites you but does no damage.
Things that are here:
a +0 short sword; a +0 whip; an orc corpse You shoot a sling bullet.
The sling bullet completely misses the orc priest.
The orc priest looks braver for a moment.
The orc barely misses you. The hobgoblin barely misses you.
The frilled lizard bites you.
You shoot a sling bullet. The sling bullet hits the orc priest.
The orc priest is lightly wounded.
The orc priest hits you with a +3 dagger.
The orc closely misses you. The hobgoblin hits you.
The frilled lizard barely misses you.
You shoot a sling bullet.
The sling bullet closely misses the orc priest.
The orc priest hits you with a +3 dagger.
The orc hits you with a +0 hand axe. The hobgoblin closely misses you.
The frilled lizard bites you but does no damage.
The orc hits you with a +0 hand axe.
* * * LOW HITPOINT WARNING * * *
The hobgoblin hits you.
* * * LOW HITPOINT WARNING * * *
The frilled lizard closely misses you. The orc priest closely misses you.
It was a potion of cancellation.
You feel magically purged.
The orc priest hits you with a +3 dagger.
You die...

###### .....#
.....# .....#
###g....#
#o@o....#
#.#l....#
#.#.....#
#.####.## #.# ..
##### #.# .#
#....# ##.#### #
#.....##.....###.
#..............


You could see an orc priest, an orc, a hobgoblin and a frilled lizard.

Vanquished Creatures
  A gnoll (D:1)
  2 orcs (D:2)
  3 endoplasms (D:1)
  A giant cockroach (D:1)
  2 goblins (D:1)
  2 hobgoblins
  A kobold (D:1)
  3 quokkas (D:1)
  A ball python (D:2)
  A bat (D:1)
  A frilled lizard (D:1)
  2 rats (D:1)
20 creatures vanquished.

Notes
Turn   | Place    | Note
-------+----------+-------------------------------------------
     0 | D:1      | Shayle the Ogre Hexslinger began the quest for the Orb.
     0 | D:1      | Reached XP level 1. HP: 19/19 MP: 2/2
    67 | D:1      | Reached skill level 1 in Fire Magic
   190 | D:1      | Reached XP level 2. HP: 27/27 MP: 4/4
   363 | D:1      | Reached skill level 1 in Necromancy
   407 | D:1      | Reached XP level 3. HP: 9/33 MP: 5/5
   960 | D:2      | Slain by an orc priest

Illustrated notes

Levels and vault maps discovered:
D:1:      eino_arrival_cavern_b, layout_basic, grunt_decor_junction,
          minmay_crystal_water
D:2:      layout_rooms, basic_altar

Skill      XL: |  1  2  3 |
---------------+----------+-----
Fire Magic     | 1 |  1.0
Necromancy     | 1 2 |  2.0
Fighting       | |  1.5
Ranged Weapons | |  1.5
Dodging        | |  1.8
Spellcasting   | |  1.4
Hexes          | |  2.7

Action                     || total
---------------------------++-------
   Fire: Sling             ||    84
    Use: Potion            ||     1
 Armour: Robe              ||    47
  Dodge: Dodged            ||    41

Table legend: (Time is in decaauts)
 A = Elapsed time spent in this place.
 B = Non-inter-level travel time spent in this place.
 C = Inter-level travel time spent in this place.
 D = Time resting spent in this place.
 E = Time spent auto-exploring this place.
 F = Levels seen in this place.
 G = Mean time per level.
                   A        B        C        D        E       F      G
               +--------+--------+--------+--------+--------+-----+--------+
         Total |    986 |    930 |     56 |     71 |    690 |   2 |  493.0 |
       Dungeon |    986 |    930 |     56 |     71 |    690 |   2 |  493.0 |
               +--------+--------+--------+--------+--------+-----+--------+

Top non-repeatable levels by time:
     D:1: 948 daAuts
     D:2: 38 daAuts
